 Dungeon Crawl Stone Soup version 0.28.0-43-g3370ac3207 (webtiles) character file.

Game seed: 12147043410981198250

7280 styxcanada the Covert (level 10, -10/49 HPs)
             Began as a Spriggan Brigand on Mar 29, 2022.
             Was an Initiate of Gozag.
             Shot with an arrow by a centaur warrior (20 damage)
             ... on level 8 of the Dungeon.
             The game lasted 01:18:28 (14163 turns).

styxcanada the Covert (Spriggan Brigand)           Turns: 14163, Time: 01:18:30

Health: -10/49     AC:  6    Str: 13    XL:     10   Next: 89%
Magic:  18/21      EV: 23    Int: 13    God:    Gozag
Gold:   2520       SH: 10    Dex: 27    Spells: 17/23 levels left

rFire   + . .      SeeInvis +   v - +2 dagger (elec)
rCold   . . .      Faith    .   B - +2 buckler
rNeg    + . .      Spirit   .   I - +2 robe {rN+}
rPois   .          Reflect  .   (helmet restricted)
rElec   .          Harm     .   c - +1 cloak
rCorr   .          Rampage  .   (gloves unavailable)
Will    +....                   (boots unavailable)
Stlth   ++++++....              k - amulet of the acrobat
HPRegen 0.16/turn               f - ring "Jukh" {rF+ Str+6}
MPRegen 0.17/turn               g - +6 ring of dexterity

@: gold aura, very quick
A: very small, no large weapons, unfitting armour, see invisible, speed 3
a: Renounce Religion, Potion Petition, Call Merchant, Bribe Branch


You were on level 8 of the Dungeon.
You worshipped Gozag.
Gozag was most pleased with you.
You visited 2 branches of the dungeon, and saw 9 of its levels.
You also visited: Sewer and Bailey.

You collected 2601 gold pieces.
You paid 81 gold pieces to Gozag.

Inventory:

Hand Weapons
 a - a +2 dagger
 o - a +0 hunting sling
 s - a +4 flail of protection
 v - a +2 dagger of electrocution (weapon)
Missiles
 d - 12 poisoned darts (quivered)
 e - 3 curare-tipped darts
 l - 27 sling bullets
 p - 202 stones
 D - a throwing net
Armour
 c - a +1 cloak (worn)
 B - a +2 buckler (worn)
 I - a +2 robe of positive energy (worn)
Magical Staves
 x - a staff of cold
Jewellery
 f - the ring "Jukh" (left hand) {rF+ Str+6}
   (You acquired it on level 4 of the Dungeon)

   [ring of strength]

   Str:       It affects your strength (+6).
   rF:        It protects you from fire.
 g - a +6 ring of dexterity (right hand)
 k - an amulet of the acrobat (around neck)
 y - a +4 ring of evasion
Wands
 r - a wand of iceblast (2)
 z - a wand of polymorph (40)
 C - a wand of paralysis (8)
Scrolls
 i - 2 scrolls of summoning
 j - 4 scrolls of teleportation
 m - 2 scrolls of magic mapping
 A - 2 scrolls of blinking
 H - a scroll of fear
Potions
 b - a potion of mutation {unknown}
 h - 2 potions of heal wounds
 n - 3 potions of magic
 q - 2 potions of curing
 t - 3 potions of haste
 u - 2 potions of cancellation
 w - a potion of flight {unknown}
 E - 2 potions of attraction {unknown}
 F - a potion of brilliance {unknown}
 G - a potion of lignification {unknown}


   Skills:
 + Level 3.4 Fighting
 + Level 4.4 Short Blades
 + Level 3.2(4.1) Slings
 + Level 3.2(3.7) Throwing
 * Level 7.1 Dodging
 * Level 12.2 Stealth
 * Level 2.3 Shields
 * Level 7.0 Spellcasting
 * Level 6.2 Transmutations
 * Level 1.4 Fire Magic
 * Level 4.5 Air Magic
 * Level 5.6 Poison Magic
 * Level 6.3 Evocations


You had 17 spell levels left.
You knew the following spells:

 Your Spells              Type           Power      Damage    Failure   Level
a - Sting                 Tmut/Pois      80%        1d7       2%          1
b - Poisonous Vapours     Pois/Air       34%        N/A       6%          2
c - Ignite Poison         Fire/Tmut/Pois 16%        N/A       16%         3

Your spell library contained the following spells:

 Spells                   Type           Power      Damage    Failure   Level
 Wereblood                Tmut           20%        N/A       3%          2
 Olgreb's Toxic Radiance  Pois           19%        N/A       30%         4
 Sublimation of Blood     Necr           4%         N/A       43%         2
 Conjure Flame            Conj/Fire      6%         6-21      56%         3
 Gell's Gravitas          Tloc           4%         N/A       67%         3
 Lesser Beckoning         Tloc           4%         N/A       67%         3
 Teleport Other           Tloc           4%         N/A       67%         3
 Sticky Flame             Conj/Fire      6%         2d3       92%         4
 Silence                  Hex/Air        5%         N/A       98%         5
 Freezing Cloud           Conj/Ice/Air   4%         6-21      99%         5
 Storm Form               Tmut/Air       9%         N/A       100%        7
 Summon Hydra             Summ           2%         N/A       100%        7


Dungeon Overview and Level Annotations

Branches:
Dungeon (8/15)             Temple (1/1) D:5           Sewer (visited)
 Bailey (visited)
   Lair: D:8-11

Altars:
Dithmenos
Fedhas
Gozag
Hepliaklqana
Kikubaaqudgha
Makhleb
Sif Muna
Trog
Uskayaw
Yredelemnul
Zin


Innate Abilities, Weirdness & Mutations

You are very small and have problems with some larger weapons.
You are too small for most types of armour.
You have supernaturally acute eyesight. (SInv)
You cover ground extremely quickly. (Speed+++)


Message History

You hit the centaur warrior but do no damage.
The centaur warrior is lightly wounded.
The centaur warrior misses you.
The centaur warrior kicks you but does no damage.
The centaur warrior hits you with a +2 hand axe of flaming!
* * * LOW HITPOINT WARNING * * *
The centaur warrior burns you.
* * * LOW HITPOINT WARNING * * *
The centaur warrior barely misses you.
Casting: Sting (safe; 2% risk of failure)
Confirm with . or Enter, or press ? or * to list all spells.
Aiming: Sting (safe; 2% risk of failure)
Press: ? - help, Shift-Dir - straight line, f - centaur warrior
Aim: a centaur warrior, wielding a +2 hand axe of flaming and quivering arrows (lightly wounded, 82% to hit)
The sting hits the centaur warrior.
The centaur warrior is poisoned.
The centaur warrior is moderately wounded.
The centaur warrior unwields a +2 hand axe of flaming.
It stops flaming.
The centaur warrior wields a +0 longbow.
The centaur warrior shoots an arrow.
The arrow misses you.
The centaur warrior shoots an arrow.
The arrow misses you.
Casting: Sting (safe; 2% risk of failure)
Confirm with . or Enter, or press ? or * to list all spells.
Aiming: Sting (safe; 2% risk of failure)
Press: ? - help, Shift-Dir - straight line, f/p - centaur warrior
Aim: a centaur warrior, wielding a +0 longbow and quivering arrows (moderately wounded, poisoned, 82% to hit)
The sting hits the centaur warrior.
The centaur warrior looks even sicker.
The centaur warrior is moderately wounded.
The centaur warrior shoots an arrow.
The arrow closely misses you.
You hear a shout!
Casting: Sting (safe; 2% risk of failure)
Confirm with . or Enter, or press ? or * to list all spells.
Aiming: Sting (safe; 2% risk of failure)
Press: ? - help, Shift-Dir - straight line, f/p - centaur warrior
Aim: a centaur warrior, wielding a +0 longbow and quivering arrows (moderately wounded, very poisoned, 82% to hit)
The sting hits the centaur warrior.
The centaur warrior looks even sicker.
The centaur warrior is moderately wounded.
The centaur warrior shoots an arrow.
The arrow hits you!!
You die...
Your body crumbles into a pile of gold.

## #.#####.#######...#...#####
.###.##......................####
.##..................#######..##.
.....#...^..........## ##....
...................## ##...
.........#######..## ### ##..
#.#.....##....c##.# ###..### #..
.......## #.#####......# #..
#.#...## ##@#......# #.. ......#
$ ##(..##......###.# #.#...#
$#....###..###.#.# ......# $
##.#...####..##.. ####..# $
#..##.).....##... #..#
#.####.....##..#. #..## $
.###.....###..... #...##
.###.....##......# #....##
.###..8.8..##....##


You could see a centaur warrior (very poisoned).

Vanquished Creatures
  2 kobold demonologists (Bailey)
  An efreet (D:8)
  Prince Ribbit (D:8)
  The ghost of jr88keys the Cutter, an amateur KoFi (D:5)
  Sigmund (D:3)
  4 yaks (D:8)
  Eustachio (D:5)
  2 steam dragons
  A vampire mosquito (D:8)
  Edmund (D:6)
  2 water moccasins (D:7)
  Duvessa (D:7)
  2 black bears
  3 necrophages
  An ice beast (D:6)
  7 orc warriors
  A hornet zombie (D:8)
  5 ogres
  2 centaurs (D:8)
  A phantom (D:6)
  A kobold brigand (D:7)
  A gnoll sergeant (D:8)
  4 scorpions
  A wyvern zombie (D:5)
  2 bullfrogs
  A water moccasin skeleton (D:6)
  Dowan (D:7)
  4 wights (D:8)
  5 killer bees (D:7)
  4 howler monkeys
  5 electric eels (Bailey)
  2 hounds (D:5)
  6 orc priests
  5 jellies
  2 bullfrog skeletons
  2 gnoll shamans (D:7)
  2 iguanas
  A centaur skeleton (D:4)
  Terence (D:3)
  6 orc wizards
  A hound skeleton (D:4)
  8 adders
  22 gnolls
  A river rat (Sewer)
  A shadow imp (D:5)
  A white imp (D:6)
  A worm (D:3)
  2 dart slugs
  31 orcs
  13 ball pythons
  5 bats
  16 endoplasms
  9 giant cockroaches
  16 goblins
  10 hobgoblins
  6 jackals
  2 quokkas
  7 frilled lizards
  8 kobolds
  11 rats
267 creatures vanquished.

Vanquished Creatures (others)
  An orc wizard (D:5)
  4 plants (D:5)
5 creatures vanquished.

Grand Total: 272 creatures vanquished

Notes
Turn   | Place    | Note
-------+----------+-------------------------------------------
     0 | D:1      | styxcanada the Spriggan Brigand began the quest for the
                  | Orb.
     0 | D:1      | Reached XP level 1. HP: 10/10 MP: 2/2
    43 | D:1      | Reached skill level 6 in Stealth
   263 | D:1      | Reached XP level 2. HP: 14/14 MP: 3/3
   606 | D:1      | Reached skill level 7 in Stealth
   649 | D:1      | Reached XP level 3. HP: 15/18 MP: 4/4
  1258 | D:2      | Found a blossoming altar of Fedhas.
  2019 | D:3      | Noticed Terence
  2026 | D:3      | Killed Terence
  2027 | D:3      | Reached skill level 8 in Stealth
  2027 | D:3      | Reached XP level 4. HP: 23/23 MP: 5/5
  2216 | D:3      | Found a glowing drain.
  2223 | Sewer    | Entered a sewer
  2423 | Sewer    | Reached XP level 5. HP: 2/26 MP: 6/6
  2425 | Sewer    | HP: 1/26 [giant cockroach (1)]
  2680 | Sewer    | Reached skill level 1 in Evocations
  2731 | Sewer    | Reached skill level 9 in Stealth
  2963 | Sewer    | Found a viscous altar of Jiyva.
  3183 | D:3      | Noticed Sigmund
  3206 | D:3      | Killed Sigmund
  3207 | D:3      | Reached XP level 6. HP: 32/32 MP: 7/7
  3237 | D:3      | Noticed a steam dragon
  3244 | D:3      | Killed a steam dragon
  3245 | D:3      | Reached skill level 10 in Stealth
  3245 | D:3      | Reached XP level 7. HP: 33/35 MP: 8/8
  3617 | D:3      | Found a faded altar of an unknown god.
  4063 | D:4      | Learned a level 1 spell: Sting
  4072 | D:4      | Noticed Eustachio
  4109 | D:4      | Reached skill level 1 in Slings
  4886 | D:4      | Reached skill level 1 in Spellcasting
  4886 | D:4      | Reached skill level 1 in Transmutations
  5239 | D:4      | Reached skill level 5 in Dodging
  5253 | D:4      | Reached skill level 1 in Poison Magic
  5353 | D:4      | Learned a level 2 spell: Poisonous Vapours
  5361 | D:4      | Identified a scroll of acquirement
  5361 | D:4      | Acquired the ring "Jukh" {rF+ Str+6}
  5597 | D:5      | Entered Level 5 of the Dungeon
  5686 | D:5      | Reached XP level 8. HP: 12/40 MP: 11/11
  5999 | D:5      | Killed Eustachio
  6309 | D:5      | Reached skill level 1 in Air Magic
  6369 | D:5      | Found a staircase to the Ecumenical Temple.
  6378 | Temple   | Entered the Ecumenical Temple
  6388 | Temple   | Became a worshipper of Gozag Ym Sagoz the Greedy
  6402 | D:5      | Found a runed translucent gate.
  6403 | D:5      | Found a runed translucent gate.
  6405 | D:5      | Found a runed translucent gate.
  6405 | D:5      | Noticed jr88keys's ghost (amateur KoFi)
  7464 | D:5      | Killed jr88keys's ghost
  7465 | D:5      | Reached skill level 11 in Stealth
  7743 | D:6      | Reached XP level 9. HP: 44/44 MP: 14/14
  7813 | D:6      | Identified the +2 leather armour "Gahum" {rElec MP+9}
  7873 | D:6      | Noticed Edmund
  7887 | D:6      | Killed Edmund
  8202 | D:6      | Learned a level 3 spell: Ignite Poison
  8818 | D:7      | Noticed Duvessa
  8819 | D:7      | Noticed Dowan
  8825 | D:7      | Killed Duvessa
  8897 | D:7      | Reached skill level 1 in Shields
  9221 | D:7      | Reached skill level 5 in Evocations
  9289 | D:7      | Reached skill level 5 in Transmutations
  9622 | D:7      | Killed Dowan
  9653 | D:7      | Reached XP level 10. HP: 49/49 MP: 4/17
 10339 | D:8      | Reached skill level 5 in Spellcasting
 10357 | D:8      | Noticed Prince Ribbit
 10366 | D:8      | Killed Prince Ribbit
 10367 | D:8      | Found a flagged portal.
 10391 | Bailey   | Entered a bailey
 10857 | Bailey   | Noticed an orange demon
 11084 | Bailey   | Acquired 1177 gold pieces
 11199 | Bailey   | Found an iron altar of Okawaru.
 11220 | Bailey   | Noticed an orange demon
 11324 | Bailey   | Reached skill level 1 in Fire Magic
 11327 | Bailey   | Noticed a sixfirhy
 11337 | Bailey   | Reached skill level 12 in Stealth
 12140 | Bailey   | Got the Papyrus of the Birds
 12333 | Bailey   | Reached skill level 5 in Poison Magic
 13562 | D:8      | Found a bloodstained altar of Trog.
 13563 | D:8      | Found a hide-covered altar of Uskayaw.
 13563 | D:8      | Found a burning altar of Makhleb.
 13563 | D:8      | Found a glowing silver altar of Zin.
 14114 | D:8      | Noticed a centaur warrior
 14163 | D:8      | Shot with an arrow by a centaur warrior

Illustrated notes

Levels and vault maps discovered:
D:1:      minmay_arrival_cross, layout_basic, minmay_tetromino_l2
D:2:      layout_loops_ring, basic_altar, minmay_misc_feat_alley, st_stairs_14,
          minmay_misc_feat_square, corexii_item_surrounded_by_moat
D:3:      layout_basic, portal_sewer_entry_e, shapermc_ecumenical_altar_pompeii,
          uniq_terence, uniq_sigmund
D:4:      layout_rooms, uniq_eustachio
D:5:      nicolae_BIG_FREAKIN_CUBE, layout_basic, temple_fountains,
          gammafunk_ghost_split, minmay_misc_feat_doors,
          guppyfry_early_lair_pool
D:6:      layout_basic, uniq_edmund
D:7:      layout_layer_cave, grunt_ministairs_10, skrybe_limestone_x,
          uniq_duvessa
D:8:      minmay_the_grid_octo_triangle [minmay_the_grid_octo_odd_swirl,
          minmay_the_grid_octo_prize_big_c, minmay_the_grid_octo_shrine],
          layout_cave_pods, enter_bailey_2, serial_co_window_serial,
          co_window_corner_a, co_window_paths_a, co_window_of_opportunity_a,
          co_window_cross_1, co_window_paths_b, co_window_of_opportunity_c,
          co_window_broadway_b, co_window_cross_3, co_window_2corner,
          co_window_4corner_b, co_window_paths_e, glass_columns_a,
          glass_columns_c, glass_columns_b, glass_columns_b, glass_columns_a,
          uniq_prince_ribbit1
Temple:   compressed_dpeg_circular_temple

Skill      XL: |  1  2  3  4  5  6  7  8  9 10 |
---------------+-------------------------------+-----
Stealth        | 6 7 8 9 10 11 12 | 12.2
Dodging        | 2 3 5 6 7 |  7.1
Fighting       | 2 3 |  3.4
Evocations     | 2 4 5 6 |  6.3
Short Blades   | 3 4 |  4.4
Slings         | 1 2 3 |  3.2
Spellcasting   | 1 3 4 7 |  7.0
Transmutations | 2 3 5 6 |  6.2
Poison Magic   | 1 2 4 5 |  5.6
Air Magic      | 1 3 4 |  4.5
Throwing       | 3 |  3.2
Shields        | 1 2 |  2.3
Fire Magic     | 1 |  1.4

Action                   |  1- 3 |  4- 6 |  7- 9 | 10-12 || total
-------------------------+-------+-------+-------+-------++-------
Melee: Dagger            |    84 |    94 |   435 |   102 ||   715
       Punch             |       |     3 |     3 |       ||     6
 Fire: Hunting sling     |       |     7 |    44 |    10 ||    61
Throw: Dart              |     9 |    21 |    33 |    25 ||    88
       Stone             |       |       |     2 |       ||     2
 Cast: Sting             |       |       |    70 |    58 ||   128
       Poisonous Vapours |       |       |    16 |    57 ||    73
       Ignite Poison     |       |       |       |     1 ||     1
Evoke: Wand              |       |     2 |     7 |     7 ||    16
  Use: Potion            |       |     2 |     6 |       ||     8
       Scroll            |       |       |    13 |     6 ||    19
 Stab: Sleeping          |    20 |     8 |    21 |     3 ||    52
       Distracted        |     1 |       |     1 |       ||     2
       Invisible         |       |       |     7 |       ||     7
       Paralysed         |       |       |       |     2 ||     2
Armor: Robe              |     3 |    16 |    28 |     4 ||    51
       Skin              |       |       |     6 |       ||     6
Dodge: Dodged            |    45 |    90 |   376 |    78 ||   589
Block: Buckler           |       |       |    51 |    37 ||    88
